 Dungeon Crawl Stone Soup version 0.14-a0-155-gd989017 (webtiles) character file.

88 Malachi the Vexing (level 2, -11/19 HPs)
             Began as a Vampire Enchanter on Oct 4, 2013.
             Killed from afar by Sigmund (12 damage)
             ... with a magic dart
             ... on Level 2 of the Dungeon.
             The game lasted 00:02:32 (1362 turns).

Malachi the Vexing (Vampire Enchanter)              Turns: 1362, Time: 00:02:33

HP -11/19        AC  3     Str  7      XL: 2   Next: 79%
MP   0/5         EV 13     Int 17      God:
Gold 64          SH  0     Dex 14      Spells:  2 memorised,  0 levels left

Res.Fire  : . . .   See Invis. : +   a - +1 dagger
Res.Cold  : + . .   Warding    : .   b - +1 robe
Life Prot.: + + .   Conserve   : .   (no shield)
Res.Poison: +       Res.Corr.  : .   (no helmet)
Res.Elec. : .       Clarity    : .   (no cloak)
Sust.Abil.: . .     Spirit.Shd : .   (no gloves)
Res.Mut.  : .       Stasis     : .   (no boots)
Res.Rott. : +       Flight     : .   (no amulet)
Saprovore : . . .                    (no ring)
                                     (no ring)

@: regenerating slowly, not resistant to hostile enchantments, stealthy
A: fangs 3, see invisible, unbreathing
a: no special abilities


You were on level 2 of the Dungeon.
You were very thirsty.

You visited 1 branch of the dungeon, and saw 2 of its levels.

You collected 44 gold pieces.

Inventory:

Hand weapons
 a - a +1,+1 dagger (weapon)
Missiles
 d - 12 darts (quivered)
 f - 3 needles of sleeping
 i - 28 stones
Armour
 b - a +1 robe (worn)
Scrolls
 h - a scroll of identify
 j - a scroll of remove curse {unknown}
 k - a scroll of noise {unknown}
 l - a scroll of magic mapping {unknown}
Potions
 e - a potion of blood
 g - a potion of curing
 m - a potion of agility {unknown}
Books
 c - a book of Maledictions

   Spells                             Type                      Level
   *Corona                            Hexes                        1
   Sure Blade                         Hexes/Charms                 2
   *Ensorcelled Hibernation           Hexes/Ice                    2
   Confuse                            Hexes                        3
   Enslavement                        Hexes                        4
   Invisibility                       Hexes                        6


   Skills:
 + Level 1.3 Short Blades
 + Level 0.7 Throwing
 + Level 2.5 Dodging
 + Level 3.2 Stealth
 + Level 1.1 Spellcasting
 * Level 5.3 Hexes


You couldn't memorise any spells.
You knew the following spells:

 Your Spells              Type           Power        Failure   Level  Hunger
a - Corona                Hex            ###....      2%          1    ##.....
b - Ensorcelled Hibernat  Hex/Ice        #.....       14%         2    ###....


Dungeon Overview and Level Annotations

Branches:
Dungeon (2/27)

Altars:

Annotations:
D:2 Sigmund


Innate Abilities, Weirdness & Mutations

You heal slowly.
You have razor-sharp teeth.
You have supernaturally acute eyesight.
You can survive without breathing.


Message History

Sigmund is severely wounded.
The jackal barks!
Sigmund misses you. The jackal barely misses you.
You hit Sigmund but do no damage.
Sigmund is severely wounded.
The jackal barely misses you. Sigmund hits you with a scythe.
* * * LOW HITPOINT WARNING * * *
You closely miss Sigmund. Your bite misses Sigmund.
Sigmund is severely wounded.
The jackal completely misses you.
Casting: Ensorcelled Hibernation
Confirm with . or Enter, or press ? or * to list all spells.
Aiming: Ensorcelled Hibernation
Press: ? - help, Shift-Dir - straight line, f/p - Sigmund
Aim: Sigmund, wielding a scythe and wearing a robe (severely wounded, slightly transparent) Sigmund easily resists.
Sigmund gestures at you while chanting. The magic dart hits you!
Ouch! That really hurt!
You die...

#...#.##.......# .
##'##.##.##.##.#
.....h........##.##.##.#
.....#####...####.#..##.#
.. ...# ###.####........# .
..# #........##'##..# ..##.
#.##..hh.## #...#..# ....#
##....h..# +.<.+.##
..#...###.#...@..# #...#.
#..#..#.#.##...@.%# ##+##.
.........###.######
####...#.# #.#######
#.#.#.# #.......#
#.....###.##'##.#
######.####..#...#)#
#.......###..+.<.+.######.#
#.####.......#.%.#........#


You could see Sigmund (invisible) and 3 jackals.

Vanquished Creatures
  A giant mite (D:1)
  A giant gecko (D:1)
  3 bats (D:1)
  A giant cockroach (D:1)
  A hobgoblin (D:1)
  A jackal (D:1)
  2 kobolds
  4 goblins
  3 rats
17 creatures vanquished.

Notes
Turn   | Place    | Note
--------------------------------------------------------------
     0 | D:1      | Malachi, the Vampire Enchanter, began the quest for the Orb.
     0 | D:1      | Reached XP level 1. HP: 13/13 MP: 4/4
   527 | D:1      | Reached skill level 5 in Hexes
   542 | D:1      | Reached XP level 2. HP: 19/19 MP: 5/5
   546 | D:1      | Learned a level 2 spell: Ensorcelled Hibernation
   929 | D:2      | Noticed Sigmund
  1362 | D:2      | Killed from afar by Sigmund

Action                   || total
-------------------------++-------
Melee: Dagger            ||    58
 Cast: Ensorcelled Hiber ||     3
  Use: Scroll            ||     2
 Stab: Sleeping          ||     5
       Distracted        ||     1
